 Dungeon Crawl Stone Soup version 0.30-a0-639-g3916f1956a (webtiles) character file.

Game seed: 2082386760028041394

148 bmack86 the Covered (level 5, -21/47 HPs)
             Began as a Minotaur Fighter on Jan 16, 2023.
             Demolished by an ogre
             ... wielding a +0 giant club
              (26 damage)
             ... on level 4 of the Dungeon.
             The game lasted 00:05:29 (2174 turns).

bmack86 the Covered (Minotaur Fighter)              Turns: 2174, Time: 00:05:29

Health: -21/47     AC:  7    Str: 22    XL:     5   Next: 8%
Magic:  4/4        EV:  9    Int:  5    God:
Gold:   100        SH: 10    Dex: 16    Spells: 4/4 levels left

rFire   . . .      SeeInvis .    s - +0 broad axe
rCold   . . .      Faith    .    c - +0 buckler
rNeg    . . .      Spirit   .    b - +0 scale mail
rPois   .          Reflect  +    (helmet restricted)
rElec   .          Harm     .    (no cloak)
rCorr   +          Rampage  .    (no gloves)
Will    .....                    (no boots) Stlth
                                 e - amulet of reflection
HPRegen 0.27/turn                m - ring of resist corrosion
MPRegen 0.09/turn                n - +6 ring of dexterity

@: mighty
A: horns 2, retaliatory headbutt
a: no special abilities


You were on level 4 of the Dungeon.
You visited 1 branch of the dungeon, and saw 4 of its levels.

You collected 100 gold pieces.

Inventory:

Hand Weapons
 a - a +0 war axe
 s - a +0 broad axe (weapon)
Missiles
 i - 4 silver javelins (quivered)
 l - 3 poisoned darts
Armour
 b - a +0 scale mail (worn)
 c - a +0 buckler (worn)
Jewellery
 e - an amulet of reflection (around neck)
 m - a ring of resist corrosion (left hand)
 n - a +6 ring of dexterity (right hand)
 t - a ring of poison resistance
Scrolls
 f - 3 scrolls of silence
 k - a scroll of fog
 p - 2 scrolls of fear {unknown}
 q - a scroll of amnesia {unknown}
Potions
 g - a potion of cancellation
 h - 2 potions of lignification
 j - a potion of haste
 o - 2 potions of curing


   Skills:
 + Level 4.4 Fighting
 * Level 4.3 Axes
 + Level 1.1 Throwing
 + Level 4.4 Armour
 + Level 4.3 Shields


You had 4 spell levels left.
You didn't know any spells.
Your spell library contained the following spells:

 Spells                   Type           Power      Damage    Failure   Level
 Alistair's Intoxication  Tmut/Pois      0%         N/A       100%        5
 Borgnjor's Vile Clutch   Necr/Erth      0%         N/A       100%        5
 Eringya's Noxious Bog    Tmut/Pois      0%         N/A       100%        6


Dungeon Overview and Level Annotations

Branches:
Dungeon (4/15)
 Temple: D:4-7

Altars:


Innate Abilities, Weirdness & Mutations

You have a pair of horns on your head.
You reflexively headbutt those who attack you in melee.


Message History

You block the orc's attack. You block the iguana's attack.
You block the dart slug's attack.
You slash the dart slug!
You kill the dart slug!
You hit the iguana. You slash the orc!
You kill the orc!
The iguana closely misses you.
Sorry, you're not good enough to have a special ability.
You barely miss the ogre. You miss the kobold brigand.
You hit the iguana but do no damage.
The iguana hisses menacingly.
You block the iguana's attack.
The kobold brigand hits you with a +0 short sword.
The ogre closely misses you. You furiously retaliate!
You headbutt the ogre. You hit the ogre but do no damage.
The ogre is lightly wounded.
You hit the iguana. You hit the kobold brigand.
You block the kobold brigand's attack. The iguana barely misses you.
The ogre hits you with a +0 giant club! The iguana barely misses you.
The kobold brigand hits you with a +0 short sword.
You barely miss the ogre.
The ogre is lightly wounded.
You hit the iguana but do no damage. You slash the kobold brigand!
You block the iguana's attack. You block the kobold brigand's attack.
The ogre hits you with a +0 giant club!!
Ouch! That really hurt!
* * * LOW HITPOINT WARNING * * *
You closely miss the kobold brigand.
Your headbutt misses the kobold brigand.
The kobold brigand is heavily wounded.
You hit the iguana. You slash the ogre! You block the iguana's attack.
The kobold brigand barely misses you. The ogre barely misses you.
The kobold brigand hits you but does no damage.
The iguana bites you but does no damage.
You feel very mighty all of a sudden.
The iguana bites you but does no damage.
You block the kobold brigand's attack.
The ogre hits you with a +0 giant club!!
Ouch! That really hurt!
You die...

#.#.#.......#
#.#.+.......# ###
#.#.#.......#
...####...#......##
.#..... #.#......+
#...... #.###...##
#......##..##'#.#
.....?l.......###
#.JO@....†.#
......K........#
#:.....#.......+
##...##.......##
#####........#
...###+#### ...#
.##


You could see a kobold brigand, an ogre, an iguana and an endoplasm.

Vanquished Creatures
  A gnoll (D:1)
  3 adders
  2 ufetubi
  3 worms (D:2)
  2 dart slugs
  2 orcs
  7 bats (D:1)
  6 endoplasms
  3 giant cockroaches
  9 goblins
  8 hobgoblins
  8 jackals
  2 quokkas
  9 ball pythons
  2 frilled lizards (D:1)
  6 kobolds
  7 rats
80 creatures vanquished.

Vanquished Creatures (others)
  2 plants (D:1)
2 creatures vanquished.

Grand Total: 82 creatures vanquished

Notes
Turn   | Place    | Note
-------+----------+-------------------------------------------
     0 | D:1      | bmack86 the Minotaur Fighter began the quest for the Orb.
     0 | D:1      | Reached XP level 1. HP: 19/19 MP: 0/0
   131 | D:1      | Reached XP level 2. HP: 27/27 MP: 1/1
   258 | D:1      | Reached XP level 3. HP: 32/33 MP: 2/2
   970 | D:2      | Found a faded altar of an unknown god.
  1128 | D:2      | Reached XP level 4. HP: 39/40 MP: 3/3
  1538 | D:3      | Reached skill level 1 in Throwing
  2157 | D:4      | Reached XP level 5. HP: 46/47 MP: 4/4
  2166 | D:4      | Noticed an ogre
  2174 | D:4      | Demolished by an ogre

Illustrated notes

Levels and vault maps discovered:
D:1:      onia_arrival_mini_spirals, layout_loops_ring, nicolae_grassy_gnolls
D:2:      layout_loops_cross, hellmonk_ecumenical_altar_heavens_door,
          minmay_misc_feat_square, minmay_distorted
D:3:      layout_basic
D:4:      nicolae_cairo_tiling_very_big, layout_basic, minmay_manual_moon,
          uniq_eustachio

Skill      XL: |  1  2  3  4 |
---------------+-------------+-----
Axes           | 3 4 |  4.3
Armour         | 4 |  4.4
Shields        | 4 |  4.3
Fighting       | 4 |  4.4
Throwing       | 1 |  1.1

Action                   |  1- 3 |  4- 6 || total
-------------------------+-------+-------++-------
Melee: War axe           |    74 |    42 ||   116
       Headbutt          |     8 |     6 ||    14
       Broad axe         |       |    20 ||    20
Throw: Javelin           |     4 |       ||     4
  Use: Scroll            |     3 |     2 ||     5
       Potion            |       |     1 ||     1
Armor: Scale mail        |    37 |    21 ||    58
Dodge: Dodged            |    39 |    26 ||    65
Block: Buckler           |    22 |    41 ||    63

Table legend: (Time is in decaauts)
 A = Elapsed time spent in this place.
 B = Non-inter-level travel time spent in this place.
 C = Inter-level travel time spent in this place.
 D = Time resting spent in this place.
 E = Time spent auto-exploring this place.
 F = Levels seen in this place.
 G = Mean time per level.
                   A        B        C        D        E       F      G
               +--------+--------+--------+--------+--------+-----+--------+
         Total |   2225 |   2115 |    110 |      0 |   1418 |   4 |  556.2 |
       Dungeon |   2225 |   2115 |    110 |      0 |   1418 |   4 |  556.2 |
               +--------+--------+--------+--------+--------+-----+--------+

Top non-repeatable levels by time:
     D:1: 797 daAuts
     D:2: 760 daAuts
     D:3: 602 daAuts
     D:4: 65 daAuts
